 Dungeon Sprint DCSS version 0.19.5 (webtiles) character file.

26 equalderp2856 the Caller (level 2, 0/11 HPs)
             Began as a Felid Summoner on Mar 8, 2017.
             Slain by a sky beast (6 damage)
             ... in the Dungeon (Sprint VII: "The Pits").
             The game lasted 00:03:07 (1424 turns).

equalderp2856 the Caller (Felid Summoner)           Turns: 1424, Time: 00:03:08

Health: 0/11       AC:  1    Str:  4    XL:     2   Next: 89%
Magic:  3/6        EV: 19    Int: 16    God:
Gold:   0          SH:  0    Dex: 16    Spells: 1 memorised, 5 levels left
                                        Lives:  0   Deaths: 0

rFire  . . .     SeeInvis +     (weapon unavailable)
rCold  . . .     Gourm    .     (armour unavailable)
rNeg   . . .     Faith    .     (shield unavailable)
rPois  .         Spirit   .     (helmet unavailable)
rElec  .         Reflect  .     (cloak unavailable)
rCorr  .         Harm     .     (gloves unavailable)
MR     .....     NoTele   +     (boots unavailable)
Stlth  +++.......               (no amulet)
                                (no ring)
                                (no ring)

@: quick
A: no armour, no weapons or thrown items, stealth, claws 1, fangs 3, see
invisible, carnivore 3, speed 1, shaggy fur 1, slow metabolism 1, sharp paws
a: no special abilities


You were in the Dungeon.
You were not hungry.

You visited 1 branch

Inventory:

Scrolls
 h - a scroll of blinking
 j - 3 scrolls of remove curse
 k - 5 scrolls of amnesia
 l - a scroll of summoning
Potions
 c - 5 potions of curing
 d - 6 potions of heal wounds
 e - a potion of haste
 f - 4 potions of magic
 g - 3 potions of berserk rage
 i - 2 potions of invisibility
Books
 a - a book of Callings

   Spells                             Type                      Level
   a - Summon Small Mammal            Summoning                    1
   b - Call Imp                       Summoning                    2
   c - Call Canine Familiar           Summoning                    3
   d - Summon Guardian Golem          Hexes/Summoning              3
   e - Summon Lightning Spire         Summoning/Air                4
   f - Summon Ice Beast               Ice/Summoning                4
Comestibles
 b - 8 meat rations


   Skills:
 + Level 3.4 Dodging
 + Level 3.5 Stealth
 + Level 0.6 Unarmed Combat
 + Level 2.5 Spellcasting
 + Level 6.3 Summonings


You had 5 spell levels left.
You knew the following spells:

 Your Spells              Type           Power        Failure   Level  Hunger
a - Summon Small Mammal   Summ           ###.         1%          1    #......


Dungeon Overview and Level Annotations

Branches:
Dungeon (1/1)

Altars:
Ashenzari
Cheibriados
Dithmenos
Elyvilon
Fedhas
Gozag
Hepliaklqana
Kikubaaqudgha
Makhleb
Nemelex Xobeh
Okawaru
Qazlal
Ru
Sif Muna
Trog
Uskayaw
Vehumet
Xom
Yredelemnul
Zin
The Shining One
Beogh
Jiyva
Lugonu

Annotations:
D Crazy Yiuf


Innate Abilities, Weirdness & Mutations

You cannot wear armour.
You are incapable of wielding weapons or throwing items.
Your paws allow you to move quietly. (Stealth)
You have sharp claws.
You have razor-sharp teeth.
You have supernaturally acute eyesight. (SInv)
You are carnivorous and can eat meat at any time.
You cover ground quickly.
You are covered in fur. (AC +1)
You have a slow metabolism.
Your sharp claws are effective at attacking unaware monsters.


Message History

Casting: Summon Small Mammal
Confirm with . or Enter, or press ? or * to list all spells.
Your quokka closely misses the sky beast.
Your quokka misses the sky beast.
The sky beast barely misses your quokka.
Your quokka disappears in a puff of smoke!
Your quokka closely misses the sky beast.
Your quokka misses the sky beast.
Unknown command.
You scratch the sky beast. Your bite misses the sky beast.
The sky beast is heavily wounded.
The sky beast closely misses you.
Your quokka barely misses the sky beast.
Your quokka misses the sky beast. You closely miss the sky beast.
The sky beast is heavily wounded.
Your quokka barely misses the sky beast.
The sky beast hits you. The sky beast shocks you.
Ouch! That really hurt!
You die...

#..#############+##..#
#..# #..# #..# #..#
#..# #..# #..# #..#
#..# #..#
#..################..#
#.............r......#
#..........≈..rY@r...#
##########''##########
##########''######
#................#
#......#..#......#
#......).........+
'....)...........+
#......#..#......#
#................#


You could see a sky beast (invisible) and 3 friendly quokkas.

Vanquished Creatures
  An adder (D)
  A hobgoblin (D)
  A kobold (D)
  A goblin (D)
4 creatures vanquished.

Vanquished Creatures (collateral kills)
  A gnoll (D)
  A river rat (D)
  A bat (D)
  A hobgoblin (D)
  A quokka (D)
5 creatures vanquished.

Grand Total: 9 creatures vanquished

Notes
Turn   | Place    | Note
-------+----------+-------------------------------------------
     0 | D        | equalderp2856 the Felid Summoner began the quest for the Orb.
     0 | D        | Reached XP level 1. HP: 7/7 MP: 4/4
    50 | D        | Reached skill level 5 in Summonings
    94 | D        | Reached XP level 2. HP: 2/11 MP: 0/6
   742 | D        | Reached skill level 6 in Summonings
   870 | D        | Found a radiant altar of Vehumet.
   870 | D        | Found a hide-covered altar of Uskayaw.
   870 | D        | Found an ancient bone altar of Kikubaaqudgha.
   870 | D        | Found a viscous altar of Jiyva.
   870 | D        | Found a hazy altar of Hepliaklqana.
   871 | D        | Found a bloodstained altar of Trog.
   871 | D        | Found a deep blue altar of Sif Muna.
   871 | D        | Found a sacrificial altar of Ru.
   871 | D        | Found a stormy altar of Qazlal.
   871 | D        | Found an iron altar of Okawaru.
   871 | D        | Found a sparkling altar of Nemelex Xobeh.
   871 | D        | Found an opulent altar of Gozag.
   871 | D        | Found a blossoming altar of Fedhas.
   871 | D        | Found a white marble altar of Elyvilon.
   871 | D        | Found a shadowy altar of Dithmenos.
   871 | D        | Found a snail-covered altar of Cheibriados.
   872 | D        | Found a glowing golden altar of the Shining One.
   872 | D        | Found a glowing silver altar of Zin.
   873 | D        | Found a burning altar of Makhleb.
   873 | D        | Found a basalt altar of Yredelemnul.
   873 | D        | Found a roughly hewn altar of Beogh.
   874 | D        | Found a corrupted altar of Lugonu.
   874 | D        | Found a shimmering altar of Xom.
   874 | D        | Found a shattered altar of Ashenzari.
   931 | D        | Noticed a sky beast
   932 | D        | Noticed Crazy Yiuf
  1424 | D        | Slain by a sky beast

Skill      XL: |  1  2 |
---------------+-------+-----
Stealth        | 3 |  3.5
Summonings     | 5 6 |  6.3
Dodging        | 3 |  3.4
Unarmed Combat | |  0.6
Spellcasting   | |  2.5

Action                   || total
-------------------------++-------
Melee: Unarmed           ||    26
       Bite              ||     3
 Cast: Summon Small Mamm ||    29
  Use: Potion            ||     1
 Stab: Sleeping          ||     3
  Eat: Chunk             ||     4
Armor: Skin              ||     1
Dodge: Dodged            ||    26
